 Dungeon Crawl Stone Soup version 0.28.0-47-ge53b351184 (webtiles) character file.

Game seed: 451348312521057726

10409 Iusername the Impaler (level 11, -17/89 HPs)
             Began as a Merfolk Gladiator on May 4, 2022.
             Was a Priest of Dithmenos.
             Killed from afar by a gargoyle (27 damage)
             ... with a stone arrow
             ... on level 11 of the Dungeon.
             The game lasted 00:33:46 (13622 turns).

Iusername the Impaler (Merfolk Gladiator)          Turns: 13622, Time: 00:33:50

Health: -17/89     AC: 13    Str: 17 (18) XL:     11   Next: 61%
Magic:  11/11      EV: 10    Int:  7 (8)  God:    Dithmenos [***...]
Gold:   458        SH: 14    Dex: 19 (22) Spells: 10/10 levels left

rFire   . . .      SeeInvis .   a - +2 trident
rCold   . . .      Faith    .   w - +0 tower shield
rNeg    . . .      Spirit   .   f - +0 scale mail
rPois   .          Reflect  .   c - +0 helmet
rElec   .          Harm     .   E - +1 cloak {Will+}
rCorr   .          Rampage  .   x - +1 Delatra's gloves {ID++}
Will    +....                   (no boots)
Stlth   +++.......              H - amulet of regeneration
HPRegen 1.04/turn               h - +4 ring of slaying
MPRegen 0.12/turn               F - ring of Agoits {Dex+6 Slay+3}

@: about to teleport, wreathed by umbra
A: (nimble swimmer 2), mertail
a: Renounce Religion, Shadow Step


You were on level 11 of the Dungeon.
You worshipped Dithmenos.
Dithmenos was most pleased with you.
You visited 2 branches of the dungeon, and saw 12 of its levels.

You collected 458 gold pieces.

Inventory:

Hand Weapons
 a - a +2 trident (weapon)
 u - a +4 hand axe
 B - the +8 storm bow {elec, penet}
   (You found it on level 7 of the Dungeon)

   Any ammunition fired from it occasionally discharges a powerful burst of
   electricity upon striking a foe.
   Any ammunition fired by it passes through the targets it hits, potentially
   hitting all targets in its path until it reaches maximum range.
Missiles
 d - 5 throwing nets
Armour
 c - a +0 helmet (worn)
 f - a +0 scale mail (worn)
 w - a +0 tower shield (worn)
 x - the +1 Delatra's gloves (worn) {ID++}
   (You found it on level 6 of the Dungeon)

   It heals its wearer when they drink unknown potions.
   It restores its wearer's MP when they read unknown scrolls.
 E - a +1 cloak of willpower (worn)
Jewellery
 b - a ring of willpower
 e - a ring of ice
 h - a +4 ring of slaying (left hand)
 i - an amulet of the acrobat
 v - a ring of see invisible
 z - a ring of willpower
 D - a +6 ring of dexterity
 F - the ring of Agoits (right hand) {Dex+6 Slay+3}
   (You found it on level 7 of the Dungeon)

   [ring of dexterity]

   Dex:       It affects your dexterity (+6).
   Slay:      It affects your accuracy & damage with ranged weapons and melee
   (+3).
 H - an amulet of regeneration (around neck)
Wands
 m - a wand of digging (1)
 n - a wand of iceblast (4) (quivered)
Scrolls
 g - 5 scrolls of teleportation
 l - a scroll of blinking
 o - 3 scrolls of identify
 p - 2 scrolls of torment
 r - 2 scrolls of noise
 s - 5 scrolls of fear
 y - 3 scrolls of brand weapon {unknown}
 A - a scroll of amnesia
 C - 2 scrolls of vulnerability {unknown}
Potions
 j - a potion of brilliance
 q - a potion of degeneration
 t - a potion of flight
 G - 2 potions of cancellation
 I - a potion of resistance
Miscellaneous
 k - a box of beasts (inert)


   Skills:
 + Level 9.5 Fighting
 + Level 15.7 Polearms
 + Level 2.1 Throwing
 + Level 6.2 Armour
 + Level 8.6 Dodging
 + Level 5.6 Stealth
 + Level 3.2 Shields


You had 10 spell levels left.
You didn't know any spells.
Your spell library contained the following spells:

 Spells                   Type           Power      Damage    Failure   Level
 Ensorcelled Hibernation  Hex/Ice        0%         N/A       100%        2
 Passwall                 Tmut/Erth      0%         N/A       100%        2
 Confusing Touch          Hex            0%         N/A       100%        3
 Gell's Gravitas          Tloc           0%         N/A       100%        3
 Lesser Beckoning         Tloc           0%         N/A       100%        3
 Swiftness                Air            0%         N/A       100%        3
 Teleport Other           Tloc           0%         N/A       100%        3
 Tukima's Dance           Hex            0%         N/A       100%        3
 Passage of Golubria      Tloc           0%         N/A       100%        4
 Summon Ice Beast         Ice/Summ       0%         N/A       100%        4
 Summon Mana Viper        Hex/Summ       0%         N/A       100%        5
 Yara's Violent Unravell  Hex/Tmut       0%         3d3       100%        5
 Enfeeble                 Hex            0%         N/A       100%        7
 Monstrous Menagerie      Summ           0%         N/A       100%        7


Dungeon Overview and Level Annotations

Branches:
Dungeon (11/15)            Temple (1/1) D:7             Orc (0/2) D:10
   Lair: D:8-11

Altars:
Ashenzari
Cheibriados
Dithmenos
Elyvilon
Fedhas
Gozag
Hepliaklqana
Kikubaaqudgha
Makhleb
Nemelex Xobeh
Okawaru
Qazlal
Ru
Sif Muna
Trog
Uskayaw
Vehumet
Wu Jian
Zin
The Shining One


Innate Abilities, Weirdness & Mutations

((You are very nimble when in or above water. (Stealth+, EV+, Speed+++)))
Your lower body shifts to a powerful aquatic tail in water.


Message History

The vampire mosquito closely misses you.
You block the howler monkey's attack.
The howler monkey hits you but does no damage.
The gargoyle hits you with a +0 mace.
* * * LOW HITPOINT WARNING * * *
The howler monkey hoots and howls with incredible vigour!
The vampire mosquito bites you.
* * * LOW HITPOINT WARNING * * *
The vampire mosquito draws strength from your injuries!
You open the lid... ...and a larval shockox beast leaps out!
The box is emptied!
The vampire mosquito barely misses you.
The gargoyle hurls a stone arrow at you.
You block the stone arrow. You block the troll's attack. The troll claws you!
* * * LOW HITPOINT WARNING * * *
The troll completely misses you.
You block the vampire mosquito's attack.
You hit the vampire mosquito but do no damage.
You block the vampire mosquito's attack. x2
The vampire mosquito bites you but does no damage.
You block the gargoyle's attack. The troll closely misses you.
The troll claws you.
* * * LOW HITPOINT WARNING * * *
The troll claws you.
* * * LOW HITPOINT WARNING * * *
You block the vampire mosquito's attack.
Your larval shockox beast bursts into living lightning!
The living lightning hits the howler monkey!
The living lightning hits the howler monkey.
The living lightning hits the howler monkey!!
Your larval shockox beast blinks!
Unknown command.
As you read the scroll of teleportation, it crumbles to dust.
You feel strangely unstable.
The vampire mosquito bites you but does no damage.
The howler monkey hoots and howls with incredible vigour!
You block the vampire mosquito's attack.
The gargoyle hurls a stone arrow at you.
The stone arrow hits you!!
You die...

......# ......#
#..... ..........
##<...#
#.................
#.)..+
#....##....[.....
......#
#....##..........
#######
#................
####>.....ยง.......#
.......yyTh.......#
........@yh.......#
.##...<.9hZ......#
#....##........#
#....##........#
#......#........#
##.....#..........
#....##.........$
#....##........##
.(.............#


You could see a troll, 3 vampire mosquitoes, a gargoyle, 3 howler monkeys and a
centaur warrior zombie.

Vanquished Creatures
  Fannar (D:10)
  A two-headed ogre (D:9)
  A tengu warrior (D:10)
  A deep elf pyromancer (D:10)
  A cyclops (D:10)
  Psyche (D:8)
  Maggie (D:9)
  A kobold demonologist (D:10)
  A meliai (D:10)
  A hornet (D:8)
  A shadow (D:9)
  2 wyverns
  A steam dragon (D:8)
  5 vampire mosquitoes
  3 wargs (D:10)
  A water moccasin (D:6)
  An ice beast (D:5)
  4 orc warriors
  2 necrophages
  4 ogres
  2 centaurs
  A phantom (D:6)
  6 bullfrogs
  4 scorpions
  2 gnoll sergeants (D:10)
  A water moccasin skeleton (D:5)
  23 wights
  5 killer bees (D:9)
  2 howler monkeys (D:5)
  2 centaur zombies
  2 bullfrog zombies (D:7)
  4 hounds (D:10)
  3 gnoll shamans (D:10)
  2 jellies
  4 orc priests
  Crazy Yiuf (D:7)
  A bullfrog skeleton (D:7)
  A centaur skeleton (D:5)
  6 iguanas
  6 orc wizards
  A howler monkey zombie (D:8)
  23 gnolls
  6 adders
  4 shadow imps
  A white imp (D:5)
  A worm (D:5)
  4 dart slugs
  32 orcs
  7 ball pythons
  12 endoplasms
  2 giant cockroaches (D:1)
  5 goblins
  6 hobgoblins
  10 jackals
  7 kobolds
  4 quokkas
  5 bats
  A frilled lizard (D:2)
  7 rats
250 creatures vanquished.

Vanquished Creatures (others)
  A gnoll shaman (D:8)
1 creature vanquished.

Grand Total: 251 creatures vanquished

Notes
Turn   | Place    | Note
-------+----------+-------------------------------------------
     0 | D:1      | Iusername the Merfolk Gladiator began the quest for the
                  | Orb.
     0 | D:1      | Reached XP level 1. HP: 16/16 MP: 1/1
    70 | D:1      | Reached XP level 2. HP: 22/22 MP: 2/2
   111 | D:1      | Found a faded altar of an unknown god.
   142 | D:1      | Reached skill level 5 in Polearms
   499 | D:1      | Reached XP level 3. HP: 21/28 MP: 3/3
  1184 | D:2      | Reached XP level 4. HP: 34/34 MP: 4/4
  1835 | D:3      | Reached skill level 1 in Armour
  1900 | D:3      | You fall into a shaft and drop 3 floors!
  1903 | D:6      | Reached skill level 6 in Polearms
  1933 | D:6      | Noticed a scorpion
  1940 | D:6      | Killed a scorpion
  1941 | D:6      | Reached skill level 1 in Stealth
  1941 | D:6      | Reached XP level 5. HP: 39/39 MP: 5/5
  1957 | D:6      | Reached skill level 5 in Dodging
  1957 | D:6      | Reached XP level 6. HP: 33/46 MP: 6/6
  1959 | D:6      | Reached skill level 7 in Polearms
  2056 | D:5      | Entered Level 5 of the Dungeon
  2166 | D:5      | Reached XP level 7. HP: 39/52 MP: 7/7
  2572 | D:4      | Reached skill level 8 in Polearms
  3356 | D:4      | Reached skill level 9 in Polearms
  3538 | D:4      | Found a hide-covered altar of Uskayaw.
  3609 | D:4      | Found a burning altar of Makhleb.
  3611 | D:4      | Found a broken altar of Ashenzari.
  3614 | D:4      | Found a glowing golden altar of the Shining One.
  3614 | D:4      | Found a radiant altar of Vehumet.
  3626 | D:4      | Found a sacrificial altar of Ru.
  5573 | D:4      | Became a worshipper of Ru the Awakened
  5907 | D:3      | Found a white marble altar of Elyvilon.
  6068 | D:3      | Reached XP level 8. HP: 60/60 MP: 8/8
  6763 | D:5      | Reached skill level 10 in Polearms
  7658 | D:6      | Reached skill level 11 in Polearms
  7794 | D:6      | Found an ancient bone altar of Kikubaaqudgha.
  7802 | D:6      | Reached skill level 5 in Fighting
  7802 | D:6      | Reached XP level 9. HP: 67/68 MP: 9/9
  7965 | D:6      | Found the +1 Delatra's gloves {ID++}
  8585 | D:7      | Reached skill level 12 in Polearms
  8588 | D:7      | Found the +8 storm bow {elec, penet}
  8730 | D:7      | Identified the +5 chain mail of Fioh {+Blink rC- rCorr}
  8899 | D:7      | Found a runed translucent door.
  8900 | D:7      | Noticed Crazy Yiuf
  8908 | D:7      | Killed Crazy Yiuf
  9043 | D:7      | Found a staircase to the Ecumenical Temple.
  9098 | Temple   | Entered the Ecumenical Temple
  9143 | Temple   | Fell from the grace of Ru
  9143 | Temple   | Became a worshipper of Dithmenos the Shadowed
  9187 | D:7      | Identified the ring of Agoits {Dex+6 Slay+3}
  9551 | D:8      | Reached skill level 5 in Stealth
  9628 | D:8      | Reached skill level 13 in Polearms
  9927 | D:8      | Reached XP level 10. HP: 31/67 MP: 10/10
  9997 | D:8      | Reached * piety under Dithmenos
 10444 | D:8      | Noticed Psyche
 10450 | D:8      | Killed Psyche
 10451 | D:8      | Reached skill level 14 in Polearms
 11195 | D:9      | Noticed a two-headed ogre
 11206 | D:9      | Killed a two-headed ogre
 11227 | D:9      | Noticed Maggie
 11234 | D:9      | Killed Maggie
 11520 | D:10     | Entered Level 10 of the Dungeon
 11520 | D:10     | Noticed a kobold demonologist
 11524 | D:10     | Noticed a soul eater
 11527 | D:10     | Killed a kobold demonologist
 11528 | D:10     | Reached skill level 15 in Polearms
 11536 | D:10     | Reached skill level 5 in Armour
 11544 | D:10     | Reached ** piety under Dithmenos
 11546 | D:10     | Noticed a cyclops
 11561 | D:10     | Reached XP level 11. HP: 83/87 MP: 11/11
 11568 | D:10     | Killed a cyclops
 11893 | D:10     | Found a staircase to the Orcish Mines.
 11893 | D:10     | Noticed Fannar
 11911 | D:10     | Noticed an eight-headed hydra
 12249 | D:10     | Killed Fannar
 12250 | D:10     | Reached skill level 1 in Shields
 12677 | D:10     | Reached *** piety under Dithmenos
 12690 | D:10     | Noticed a deep elf pyromancer
 12698 | D:10     | Killed a deep elf pyromancer
 12746 | D:10     | Noticed a tengu warrior
 12769 | D:10     | Killed a tengu warrior
 13622 | D:11     | Killed from afar by a gargoyle

Illustrated notes

Levels and vault maps discovered:
D:1:      scummos_arrival_gate, layout_basic, shapermc_ecumenical_altar_pompeii,
          st_stairs_7
D:2:      layout_loops_ring
D:3:      layout_loops_cross, old_standard_altar
D:4:      layout_layer_cave, lemuel_doored_altar,
          nicolae_overflow_hallway_of_the_gods
D:5:      layout_gridville, serial_rivers, chequers_serial_rivers_small_b,
          chequers_serial_rivers_large_b, chequers_serial_rivers_marsh,
          chequers_serial_rivers_large_a, chequers_serial_rivers_small_3
D:6:      layout_loops_ring, kiku_gazebo_garden_becter,
          pf_guarded_unrand_delatra
D:7:      layout_gridville, minmay_temple_entry_wispy, serial_undead,
          serial_undead_a, serial_undead_b, serial_undead_a, serial_undead_e,
          uniq_crazy_yiuf_cottage
D:8:      layout_basic, uniq_psyche
D:9:      layout_cave_pools, uniq_maggie
D:10:     layout_big_octagon, david_orc_1_choice, serial_gnoll_camp,
          gnoll_camp_mini_hut, gnoll_camp_mini_hut, gnoll_camp_mini_sergeant,
          gnoll_camp_mini_house, gnoll_camp_mini_loothouse,
          gnoll_camp_mini_doghouse, wad_mini_maze, uniq_fannar
D:11:     layout_gridville, lair_entry_dummy
Temple:   nicolae_temple_great_sept

Skill      XL: |  1  2  3  4  5  6  7  8  9 10 11 |
---------------+----------------------------------+-----
Polearms       | 5 6 7 9 11 13 15 | 15.7
Armour         | 1 2 3 5 6 |  6.2
Stealth        | 1 2 4 5 |  5.6
Dodging        | 5 6 7 8 |  8.6
Fighting       | 3 4 5 6 8 9 |  9.5
Shields        | 3 |  3.2
Throwing       | |  2.1

Action                   |  1- 3 |  4- 6 |  7- 9 | 10-12 || total
-------------------------+-------+-------+-------+-------++-------
Melee: Trident           |    89 |    93 |   361 |   350 ||   893
       Punch             |       |     1 |     4 |     3 ||     8
Throw: Throwing net      |       |       |     1 |       ||     1
Evoke: Wand              |       |       |       |     1 ||     1
       Box of beasts     |       |       |       |     1 ||     1
  Use: Potion            |       |     1 |     7 |     9 ||    17
       Scroll            |       |       |     8 |     5 ||    13
 Stab: Sleeping          |     1 |     3 |    12 |     7 ||    23
       Distracted        |       |       |       |     1 ||     1
Armor: Leather armour    |    19 |    12 |    46 |       ||    77
       Skin              |       |       |    28 |       ||    28
       Scale mail        |       |       |       |   112 ||   112
Dodge: Dodged            |    57 |    50 |   188 |   242 ||   537
Block: Tower shield      |       |       |       |   150 ||   150
